 Dungeon Crawl Stone Soup version 0.31.0-32-g396128a36d (webtiles) character file.

Game seed: 2124939334771522353

1326 Mels the Trooper (level 8, -1/61 HPs)
             Began as a Djinni Conjurer on Apr 17, 2024.
             Slain by a steam dragon (5 damage)
             ... on level 5 of the Dungeon.
             The game lasted 00:07:28 (3921 turns).

Mels the Trooper (Djinni Conjurer)                  Turns: 3921, Time: 00:07:29

Health: -1/61      AC:  3    Str:  3 (6)  XL:     8   Next: 91%
Gold:   197        EV: 13    Int: 21 (22) God:
                   SH:  0    Dex: 10 (12)

rFire   + + .        f - +1 spear (distort)
rCold   x . .        (no shield)
rNeg    . . .        a - +0 robe
rPois   ∞            l - +0 helmet
rElec   .            (no cloak)
rCorr   .            (no gloves)
SInv    .            (boots unavailable)
Will    .....        (no amulet)
Stlth   ++           (no ring)
HPRegen 0.30/turn    (no ring)
MPRegen 0.00/turn

%: infuse magic (-2 HP)
@: brilliant, flying, hasted, very quick
A: sickness immunity, fire resistance 2, cold vulnerability 1, float, innate
caster, HP casting, extra vitality 1
a: no special abilities


You were on level 5 of the Dungeon.
You visited 1 branch of the dungeon, and saw 5 of its levels.

You collected 197 gold pieces.

Inventory:

Hand Weapons
 f - a +1 spear of distortion (weapon)
Armour
 a - a +0 robe (worn)
 l - a +0 helmet (worn)
Jewellery
 p - an amulet of faith
 s - a ring of fire
Wands
 m - a wand of charming (10)
Scrolls
 b - 2 scrolls of enchant armour {unknown}
 c - 2 scrolls of fear {unknown}
 d - 3 scrolls of teleportation {unknown}
 e - a scroll of vulnerability {unknown}
 h - 3 scrolls of identify {unknown}
 i - a scroll of fog {unknown}
 j - a scroll of acquirement {unknown}
 k - 2 scrolls of poison {unknown}
 o - 3 scrolls of immolation {unknown}
 q - a scroll of amnesia {unknown}


   Skills:
 - Level 6.0 Fighting
 + Level 2.9 Polearms
 + Level 4.6 Dodging
 - Level 1.5 Stealth
 - Level 6.0 Spellcasting
 - Level 6.0 Conjurations
 - Level 6.0 Hexes
 - Level 6.0 Summonings
 - Level 6.0 Necromancy
 - Level 6.0 Translocations
 - Level 6.0 Fire Magic
 - Level 6.0 Ice Magic
 - Level 6.0 Air Magic
 - Level 6.0 Earth Magic
 - Level 6.0 Alchemy


You knew the following spells:

 Your Spells              Type           Power      Damage    Failure   Level
a - Magic Dart            Conj           100%       1d8       1%          1
b - Searing Ray           Conj           94%        2d7       1%          2
c - Fulminant Prism       Conj/Alch      23%        3d12      9%          4
d - Iskenderun's Mystic   Conj/Tloc      47%        2d10      9%          4
e - Slow                  Hex            100%       N/A       1%          1
f - Call Imp              Summ           94%        N/A       1%          2
g - Static Discharge      Conj/Air       94%        3-7/arc   1%          2
Your spell library was empty.

Dungeon Overview and Level Annotations

Branches:
Dungeon (5/15) Zot: 26078  Temple (0/1) D:4

Altars:
Okawaru
Qazlal

Shops:
D:5 :

Annotations:
D:3 3 runed translucent doors, Silence042's ghost, amateur SpCj


Innate Abilities, Weirdness & Mutations

You are immune to sickness and miasma.
You are immune to poison.
Your flesh is very heat resistant. (rF++)
You are vulnerable to cold. (rC-)
You float through the air rather than walking.
You learn spells naturally, not from books.
Your magical power is your life essence.
You have superior vitality. (+4 MHP)


Message History

Aiming: Searing Ray (safe; 1% risk of failure)
Press: ? - help, Shift-Dir - straight line, f - steam dragon
Aim: a steam dragon (moderately wounded, catching its breath, 81% to hit)
The searing ray misses the steam dragon. (Press . to maintain the ray.)
The steam dragon bites you!
* * * LOW HITPOINT WARNING * * *
The steam dragon claws you.
* * * LOW HITPOINT WARNING * * *
You take 14 damage, and have 13/61 hp.
MASSIVE DAMAGE!!
Aiming: Charm
Press: ? - help, Shift-Dir - straight line, f/p - steam dragon
Aim: a steam dragon (moderately wounded, catching its breath, chance to affect: 49%)
The steam dragon resists with some effort.
The steam dragon barely misses you. The steam dragon claws you.
* * * LOW HITPOINT WARNING * * *
You take 4 damage, and have 9/61 hp.
Aiming: Charm
Press: ? - help, Shift-Dir - straight line, f/p - steam dragon
Aim: a steam dragon (moderately wounded, chance to affect: 49%)
The steam dragon resists with some effort.
The steam dragon breathes steam at you. The ball of steam hits you! You resist.
* * * LOW HITPOINT WARNING * * *
You take 7 damage, and have 2/61 hp.
It was a potion of haste.
You feel yourself speed up. The steam dragon barely misses you. x2
It was a potion of curing.
You feel better. The steam dragon completely misses you.
The steam dragon misses you.
You regained 7 hp, and now have 9/61 hp.
It was a potion of brilliance.
You feel clever all of a sudden.
It was a potion of degeneration.
There was something very wrong with that liquid.
You feel weakened.
You feel dopey.
You feel clumsy.
The plant is engulfed in a cloud of scalding steam.
The plant begins to die.
The steam dragon bites you.
* * * LOW HITPOINT WARNING * * *
The steam dragon claws you.
You die... ~PP

#...###### .~~~.~
#.......## #### #.~♣~~#
#........####..# #.P~PP~
#......###.##... #P.~PP~
#.†#...##...#...
#.PP~~P###.##...#........
..~~~P§....#........#...
###.§§§§.#.........##..
#.§.@.###............
#.#.D[# ####.........
##..(..# ##.....###
#......# ##.......
#######.P...~≈#.......
P...D.~#......#
......≈#......#
P.....##....... #
.~..PP#.#...###


You could see a steam dragon (catching breath).

Vanquished Creatures
  Grinder (D:3)
  Sigmund (D:2)
  Menkaure (D:4)
  A steam dragon (D:5)
  An ogre (D:5)
  2 phantoms (D:4)
  A howler monkey (D:4)
  4 bombardier beetles
  A jelly (D:4)
  A gnoll bouda (D:4)
  2 iguanas
  A sleepcap (D:5)
  Robin (D:2)
  7 gnolls (D:4)
  2 adders
  A dart slug (D:4)
  3 ribbon worms
  4 orcs
  2 endoplasms
  16 goblins
  12 hobgoblins
  7 jackals
  3 ball pythons
  4 bats
  2 frilled lizards
  5 kobolds
  8 rats
94 creatures vanquished.

Notes
Turn   | Place    | Note
-------+----------+-------------------------------------------
     0 | D:1      | Mels the Djinni Conjurer began the quest for the Orb.
     0 | D:1      | Mels set off with the following spells memorised: Magic
                  | Dart, Searing Ray, Fulminant Prism, Iskenderun's Mystic
                  | Blast.
     0 | D:1      | Reached XP level 1. HP: 15/15 MP: 0/0
   225 | D:1      | Reached XP level 2. HP: 20/22 MP: 0/0
   265 | D:1      | Reached skill level 1 in Fighting
   471 | D:2      | Noticed Robin
   476 | D:2      | Reached XP level 3. HP: 11/27 MP: 0/0
   476 | D:2      | Learned a level 1 spell: Slow
   552 | D:2      | Killed Robin
   659 | D:2      | Reached XP level 4. HP: 30/33 MP: 0/0
   744 | D:2      | Noticed Sigmund
   758 | D:2      | Killed Sigmund
   759 | D:2      | Reached XP level 5. HP: 23/41 MP: 0/0
   759 | D:2      | Learned a level 2 spell: Call Imp
   759 | D:2      | Reached XP level 6. HP: 27/47 MP: 0/0
  1385 | D:3      | Found a runed translucent gate.
  1385 | D:3      | Found a runed translucent gate.
  1385 | D:3      | Found a runed translucent gate.
  1393 | D:3      | Noticed Silence042's ghost (amateur SpCj)
  1491 | D:3      | Noticed Grinder
  1502 | D:3      | Killed Grinder
  1503 | D:3      | Reached skill level 5 in Spellcasting
  1503 | D:3      | Reached skill level 5 in Conjurations
  1503 | D:3      | Reached skill level 5 in Hexes
  1503 | D:3      | Reached skill level 5 in Summonings
  1503 | D:3      | Reached skill level 5 in Necromancy
  1503 | D:3      | Reached skill level 5 in Translocations
  1503 | D:3      | Reached skill level 5 in Fire Magic
  1503 | D:3      | Reached skill level 5 in Ice Magic
  1503 | D:3      | Reached skill level 5 in Air Magic
  1503 | D:3      | Reached skill level 5 in Earth Magic
  1503 | D:3      | Reached skill level 5 in Alchemy
  1503 | D:3      | Reached XP level 7. HP: 33/53 MP: 0/0
  1503 | D:3      | Learned a level 2 spell: Static Discharge
  1759 | D:3      | Found a faded altar of an unknown god.
  1941 | D:3      | Reached skill level 5 in Fighting
  2353 | D:3      | Found a stormy altar of Qazlal.
  2353 | D:3      | Found an iron altar of Okawaru.
  2685 | D:4      | Noticed Menkaure
  2695 | D:4      | Killed Menkaure
  2696 | D:4      | Reached XP level 8. HP: 10/61 MP: 0/0
  3205 | D:4      | Reached skill level 1 in Polearms
  3475 | D:4      | Found a staircase to the Ecumenical Temple.
  3666 | D:5      | Entered Level 5 of the Dungeon
  3718 | D:5      | Found Louhouvu's Book Emporium.
  3917 | D:5      | HP: 2/61 [steam dragon/ball of steam (7)]
  3921 | D:5      | Slain by a steam dragon

Illustrated notes

Levels and vault maps discovered:
D:1:      dpeg_arrival_erosion, layout_rooms, minmay_misc_feat_roman,
          minmay_pentomino_p4
D:2:      layout_basic, corexii_corridor_pit, uniq_robin, uniq_sigmund
D:3:      layout_loops_cross, gammafunk_temple_overflow_claw,
          dreamdust_ecumenical_altar_angels_and_demons,
          gammafunk_ghost_necromancy, small_statue_alley_b, minivault_19,
          uniq_grinder
D:4:      layout_basic, minmay_temple_entry_crystal_x, uniq_menkaure
D:5:      kennysheep_steamy, layout_cave_pools, serial_shops,
          nicolae_shop_waterfront, serial_bayou_lagoon_a

Skill      XL: |  1  2  3  4  5  6  7  8 |
---------------+-------------------------+-----
Fighting       | 1 2 3 4 5 6 |  6.0
Spellcasting   | 4 5 6 |  6.0
Conjurations   | 4 5 6 |  6.0
Hexes          | 4 5 6 |  6.0
Summonings     | 4 5 6 |  6.0
Necromancy     | 4 5 6 |  6.0
Translocations | 4 5 6 |  6.0
Fire Magic     | 4 5 6 |  6.0
Ice Magic      | 4 5 6 |  6.0
Air Magic      | 4 5 6 |  6.0
Earth Magic    | 4 5 6 |  6.0
Alchemy        | 4 5 6 |  6.0
Polearms       | 2 |  2.9
Dodging        | 4 |  4.6
Stealth        | |  1.5

Action                     |  1- 3 |  4- 6 |  7- 9 || total
---------------------------+-------+-------+-------++-------
  Melee: Unarmed           |     1 |       |       ||     1
         Spear             |     5 |     5 |     1 ||    11
   Cast: Magic Dart        |    31 |    34 |    91 ||   156
         Searing Ray       |     3 |     6 |    29 ||    38
  Evoke: Wand              |       |       |     2 ||     2
    Use: Potion            |       |       |     4 ||     4
 Armour: Robe              |     9 |     3 |    36 ||    48
  Dodge: Dodged            |     3 |     9 |    32 ||    44
